 Dungeon Sprint DCSS version 0.29-a0-775-g4d7333d4e2 (webtiles) character file.

Game seed: 1249556596426392541

1620 mhtbhm the Unseen (level 8, -5/40 HPs)
             Began as a Spriggan Enchanter on July 2, 2022.
             Was a Believer of Dithmenos.
             Killed from afar by an efreet (14 damage)
             ... with a fireball
             ... in the Dungeon (Sprint IX: "|||||||||||||||||||||||||||||").
             The game lasted 00:01:49 (375 turns).

mhtbhm the Unseen (Spriggan Enchanter)               Turns: 375, Time: 00:01:50

Health: -5/40      AC:  4    Str:  4    XL:     8   Next: 64%
Magic:  19/21      EV: 27    Int: 16    God:    Dithmenos [**....]
Gold:   0          SH:  0    Dex: 18    Spells: 12/23 levels left

rFire   . . .      SeeInvis +   a - +2 rapier (venom)
rCold   . . .      Faith    .   (no shield)
rNeg    . . .      Spirit   .   b - +0 robe
rPois   .          Reflect  .   (helmet restricted)
rElec   .          Harm     .   (no cloak)
rCorr   .          Rampage  .   (gloves unavailable)
Will    +....      NoTele   +   (boots unavailable)
Stlth   +++++++++.              (no amulet)
HPRegen 0.13/turn               l - +2 ring of evasion
MPRegen 0.17/turn               k - +2 ring of protection

@: wreathed by umbra, very quick
A: very small, no large weapons, unfitting armour, see invisible, speed 3
a: Renounce Religion, Shadow Step


You were in the Dungeon.
You worshipped Dithmenos.
Dithmenos was pleased with you.
You visited 1 branch

Inventory:

Hand Weapons
 a - a +2 rapier of venom (weapon)
Missiles
 e - 6 poisoned darts (quivered)
Armour
 b - a +0 robe (worn)
Jewellery
 k - a +2 ring of protection (right hand)
 l - a +2 ring of evasion (left hand)
Wands
 j - a wand of light (7)
Scrolls
 h - 2 scrolls of amnesia
 i - 2 scrolls of blinking
Potions
 c - 2 potions of invisibility
 d - a potion of curing
 g - 4 potions of magic


   Skills:
 + Level 3.1 Fighting
 + Level 5.3 Short Blades
 + Level 11.5 Dodging
 + Level 17.4 Stealth
 + Level 8.1 Spellcasting
 + Level 12.0 Hexes
 + Level 1.2 Ice Magic
 + Level 2.0 Evocations


You had 12 spell levels left.
You knew the following spells:

 Your Spells              Type           Power      Damage    Failure   Level
a - Ensorcelled Hibernat  Hex/Ice        54%        N/A       1%          2
b - Confusing Touch       Hex            45%        N/A       1%          3
c - Tukima's Dance        Hex            45%        N/A       1%          3
d - Dazzling Flash        Conj/Hex       50%        N/A       2%          3

Your spell library contained the following spells:

 Spells                   Type           Power      Damage    Failure   Level


Dungeon Overview and Level Annotations

Branches:
Dungeon (1/1)

Altars:
Cheibriados
Dithmenos
Elyvilon
Fedhas
Gozag
Hepliaklqana
Kikubaaqudgha
Makhleb
Nemelex Xobeh
Okawaru
Qazlal
Ru
Sif Muna
Trog
Uskayaw
Vehumet
Wu Jian
Xom
Yredelemnul
Zin
The Shining One
Beogh
Jiyva
Lugonu


Innate Abilities, Weirdness & Mutations

You are very small and have problems with some larger weapons.
You are too small for most types of armour.
You have supernaturally acute eyesight. (SInv)
You cover ground extremely quickly. (Speed+++)


Message History

You hit the centaur warrior but do no damage.
The centaur warrior looks as sick as possible!
The centaur warrior is severely wounded.
The centaur warrior barely misses you.
The centaur warrior completely misses you.
You hit the centaur warrior but do no damage.
The centaur warrior looks as sick as possible!
The centaur warrior is severely wounded.
The centaur warrior completely misses you.
The centaur warrior closely misses you. x2
The centaur warrior completely misses you.
The efreet gestures at the centaur warrior.
The fireball explodes!
The fireball engulfs the vampire mosquito!!
The vampire mosquito is destroyed!
The fireball engulfs the efreet.
The efreet completely resists.
The fireball engulfs the centaur warrior!!
The centaur warrior dies!
Your Fighting skill increases to level 3!
Your Short Blades skill increases to level 5!
Your Stealth skill increases to level 17!
Your Spellcasting skill increases to level 8!
Your Hexes skill increases to level 12!
Your Evocations skill increases to level 2!
Things that are here:
a +0 shortbow; a +4 shortbow The efreet misses you.
You see here a vampire mosquito corpse.
You hit the efreet but do no damage.
The efreet is moderately wounded.
The efreet gestures at you.
The fireball explodes!
The fireball engulfs you!!
Ouch! That really hurt!
* * * LOW HITPOINT WARNING * * *
The fireball engulfs the efreet.
The efreet completely resists.
You hit the efreet.
The efreet is heavily wounded.
The efreet gestures at you.
The fireball explodes!
The fireball engulfs you!
You die...

▓+▓
▓.▓
▓c▓
▓°▓
▓R▓
▓@▓
▓)▓
▓'▓
▓†▓
▓.▓
▓.▓
▓.▓
▓.▓
▓)▓


You could see a centaur warrior and an efreet (blind).

Vanquished Creatures
  A centaur warrior (D)
  2 wraiths (D)
  A steam dragon (D)
  A centaur (D)
  A kobold brigand (D)
  A gnoll sergeant (D)
  A scorpion (D)
  2 hounds (D)
  An adder (D)
  A jackal (D)
  2 ball pythons (D)
  2 kobolds (D)
  A rat (D)
17 creatures vanquished.

Vanquished Creatures (others)
  A centaur warrior (D)
  A shadow (D)
  A vampire mosquito (D)
3 creatures vanquished.

Grand Total: 20 creatures vanquished

Notes
Turn   | Place    | Note
-------+----------+-------------------------------------------
     0 | D        | mhtbhm the Spriggan Enchanter began the quest for the Orb.
     0 | D        | Reached XP level 1. HP: 9/9 MP: 5/5
    13 | D        | Reached skill level 5 in Stealth
   142 | D        | Noticed a hound
   142 | D        | Noticed a scorpion
   142 | D        | Noticed a hound
   145 | D        | Reached skill level 6 in Stealth
   145 | D        | Reached skill level 5 in Hexes
   145 | D        | Reached XP level 2. HP: 13/13 MP: 7/7
   154 | D        | Reached skill level 7 in Stealth
   154 | D        | Reached XP level 3. HP: 16/16 MP: 7/9
   157 | D        | Killed a scorpion
   158 | D        | Reached skill level 5 in Dodging
   158 | D        | Reached skill level 9 in Stealth
   158 | D        | Reached XP level 4. HP: 21/21 MP: 7/11
   161 | D        | Reached skill level 5 in Spellcasting
   166 | D        | Found a snail-covered altar of Cheibriados.
   166 | D        | Found a shadowy altar of Dithmenos.
   166 | D        | Found a white marble altar of Elyvilon.
   166 | D        | Found a blossoming altar of Fedhas.
   166 | D        | Found an opulent altar of Gozag.
   167 | D        | Found a hazy altar of Hepliaklqana.
   168 | D        | Found a viscous altar of Jiyva.
   169 | D        | Found an ancient bone altar of Kikubaaqudgha.
   170 | D        | Found a corrupted altar of Lugonu.
   171 | D        | Found a burning altar of Makhleb.
   172 | D        | Found a sparkling altar of Nemelex Xobeh.
   173 | D        | Found an iron altar of Okawaru.
   177 | D        | Became a worshipper of Dithmenos the Shadowed
   181 | D        | Learned a level 2 spell: Ensorcelled Hibernation
   185 | D        | Learned a level 3 spell: Confusing Touch
   189 | D        | Learned a level 3 spell: Tukima's Dance
   193 | D        | Learned a level 3 spell: Dazzling Flash
   196 | D        | Found a stormy altar of Qazlal.
   197 | D        | Found a sacrificial altar of Ru.
   198 | D        | Found a shimmering blue altar of Sif Muna.
   199 | D        | Found a bloodstained altar of Trog.
   200 | D        | Found a hide-covered altar of Uskayaw.
   201 | D        | Found a radiant altar of Vehumet.
   202 | D        | Found an ornate altar of the Wu Jian Council.
   203 | D        | Found a shimmering altar of Xom.
   204 | D        | Found a basalt altar of Yredelemnul.
   205 | D        | Found a glowing silver altar of Zin.
   206 | D        | Found a glowing golden altar of the Shining One.
   235 | D        | Noticed a steam dragon
   235 | D        | Noticed a wraith
   235 | D        | Noticed a kobold brigand
   235 | D        | Noticed a wraith
   235 | D        | Noticed a gnoll sergeant
   235 | D        | Noticed a centaur
   241 | D        | Killed a centaur
   242 | D        | Reached skill level 1 in Fighting
   242 | D        | Reached skill level 11 in Stealth
   242 | D        | Reached XP level 5. HP: 23/25 MP: 14/14
   244 | D        | Reached XP level 6. HP: 28/30 MP: 12/15
   274 | D        | Killed a wraith
   274 | D        | Reached * piety under Dithmenos
   275 | D        | Reached skill level 13 in Stealth
   275 | D        | Reached skill level 10 in Hexes
   279 | D        | Killed a wraith
   280 | D        | Reached skill level 14 in Stealth
   280 | D        | Reached XP level 7. HP: 27/35 MP: 13/18
   287 | D        | Killed a steam dragon
   287 | D        | Reached ** piety under Dithmenos
   288 | D        | Reached skill level 15 in Stealth
   288 | D        | Reached skill level 1 in Evocations
   364 | D        | Noticed a centaur warrior
   364 | D        | Noticed an efreet
   364 | D        | Noticed a shadow
   364 | D        | Noticed a vampire mosquito
   364 | D        | Noticed a centaur warrior
   364 | D        | Noticed a centaur warrior
   366 | D        | Killed a centaur warrior
   367 | D        | Reached skill level 16 in Stealth
   367 | D        | Reached skill level 1 in Ice Magic
   367 | D        | Reached XP level 8. HP: 39/39 MP: 18/20
   371 | D        | Killed a centaur warrior
   372 | D        | Reached skill level 5 in Short Blades
   372 | D        | Reached skill level 17 in Stealth
   375 | D        | Killed from afar by an efreet

Illustrated notes

Levels and vault maps discovered:
D:        linesprint [early_d, line_temple, items_1, d_10, items_2, lair_1,
          lair_end, items_3, orc_1, orc_end, items_4, d_15, swamp_1, shoals_1,
          snake_1, spider_1, d_20, vaults_1, items_5, swamp_end, shoals_end,
          snake_end, spider_end, vaults_end, d_27, items_6, zot_1, zot_end,
          crypt_end, forest_end, elf_end, slime_end, tomb_end, abyss_end,
          pan_hell_end]

Skill      XL: |  1  2  3  4  5  6  7  8 |
---------------+-------------------------+-----
Stealth        | 6 7 9 11 14 16 17 | 17.4
Hexes          | 5 6 7 9 10 11 12 | 12.0
Spellcasting   | 3 4 5 6 7 8 |  8.1
Dodging        | 3 4 5 6 7 9 11 | 11.5
Fighting       | 1 2 3 |  3.1
Short Blades   | 3 4 5 |  5.3
Evocations     | 1 2 |  2.0
Ice Magic      | 1 |  1.2

Action                   |  1- 3 |  4- 6 |  7- 9 || total
-------------------------+-------+-------+-------++-------
Melee: Dagger            |    39 |     3 |       ||    42
       Punch             |     2 |       |       ||     2
       Rapier            |       |    30 |    10 ||    40
 Cast: Ensorcelled Hiber |       |     1 |       ||     1
       Confusing Touch   |       |     1 |       ||     1
       Dazzling Flash    |       |     1 |       ||     1
Evoke: Wand              |       |     2 |     1 ||     3
  Use: Potion            |     2 |     8 |       ||    10
 Stab: Sleeping          |     1 |     1 |     1 ||     3
       Invisible         |       |     4 |       ||     4
Armor: Robe              |     3 |     4 |     1 ||     8
Dodge: Dodged            |    32 |    43 |    11 ||    86

Table legend: (Time is in decaauts)
 A = Elapsed time spent in this place.
 B = Non-inter-level travel time spent in this place.
 C = Inter-level travel time spent in this place.
 D = Time resting spent in this place.
 E = Time spent auto-exploring this place.
 F = Levels seen in this place.
 G = Mean time per level.
                   A        B        C        D        E       F      G
               +--------+--------+--------+--------+--------+-----+--------+
         Total |    345 |    345 |      0 |    162 |      1 |   1 |  345.0 |
       Dungeon |    345 |    345 |      0 |    162 |      1 |   1 |  345.0 |
               +--------+--------+--------+--------+--------+-----+--------+

Top non-repeatable levels by time:
       D: 345 daAuts
